 Dungeon Crawl Stone Soup version 0.29.1-15-g9cfb28693d (webtiles) character file.

Game seed: 9791876505386858172

166 javelincjr the Ducker (level 5, -10/40 HPs)
             Began as a Djinni Hedge Wizard on May 2, 2023.
             Killed by nerve-wracking pain
             ... invoked by Grinder
              (14 damage)
             ... while paralysed by Grinder
             ... on level 3 of the Dungeon.
             The game lasted 00:07:36 (3249 turns).

javelincjr the Ducker (Djinni Hedge Wizard)         Turns: 3249, Time: 00:07:37

Health: -10/40     AC:  3    Str:  9    XL:     5   Next: 76%
Gold:   118        EV:  2    Int: 17    God:
                   SH:  0    Dex: 13

rFire   + + .      SeeInvis .   r - +2 quarterstaff (chaos)
rCold   x . .      Faith    .   (shield currently unavailable)
rNeg    . . .      Spirit   .   b - +0 robe
rPois   ∞          Reflect  .   c - +0 hat
rElec   .          Harm     .   s - +0 cloak
rCorr   .          Rampage  .   (no gloves)
Will    .....                   (boots unavailable)
Stlth   ++........              (no amulet)
HPRegen 0.13/turn               (no ring)
MPRegen 0.00/turn               (no ring)

@: paralysed, flying, very slightly contaminated
A: sickness immunity, fire resistance 2, cold vulnerability 1, float, innate
caster, HP casting, extra vitality 1
a: no special abilities


You were on level 3 of the Dungeon.
You visited 1 branch of the dungeon, and saw 3 of its levels.

You collected 118 gold pieces.

Inventory:

Hand Weapons
 a - a +0 dagger
 r - a +2 quarterstaff of chaos (weapon)
Armour
 b - a +0 robe (worn)
 c - a +0 hat (worn)
 s - a +0 cloak (worn)
Jewellery
 p - a ring of ice
Scrolls
 d - 2 scrolls of identify {unknown}
 e - 2 scrolls of summoning
 k - a scroll of enchant weapon {unknown}
 l - a scroll of magic mapping {unknown}
 o - a scroll of immolation {unknown}
Potions
 f - a potion of ambrosia {unknown}
 g - 3 potions of curing {unknown}
 h - 2 potions of flight {unknown}
 i - a potion of resistance {unknown}
 j - 2 potions of berserk rage {unknown}
 m - a potion of haste {unknown}
 n - 2 potions of attraction {unknown}
 q - 2 potions of degeneration {unknown}
 t - a potion of heal wounds {unknown}
 u - a potion of brilliance {unknown}


   Skills:
 * Level 3.4 Fighting
 + Level 3.5 Dodging
 - Level 1.5 Stealth
 + Level 3.1 Spellcasting


You couldn't memorise any spells.
You knew the following spells:

 Your Spells              Type           Power      Damage    Failure   Level
a - Magic Dart            Conj           52%        1d5       4%          1
b - Blink                 Tloc           26%        N/A       8%          2
c - Call Imp              Summ           13%        N/A       8%          2
d - Slow                  Hex            52%        N/A       4%          1
e - Conjure Flame         Conj/Fire      13%        6-21      14%         3
f - Mephitic Cloud        Conj/Pois/Air  13%        N/A       14%         3
g - Necrotise             Necr           52%        1d6       4%          1
h - Static Discharge      Conj/Air       13%        3-5/arc   8%          2
Your spell library was empty.

Dungeon Overview and Level Annotations

Branches:
Dungeon (3/15)

Altars:

Annotations:
D:3 Grinder


Innate Abilities, Weirdness & Mutations

You are immune to sickness and miasma.
You are immune to poison.
Your flesh is very heat resistant. (rF++)
You are vulnerable to cold. (rC-)
You float through the air rather than walking.
You learn spells naturally, not from books.
Your magical power is your life essence.
You have superior vitality. (+4 MHP)


Message History

Aim: Grinder (lightly wounded, ally target, 100% to hit)
The magic dart hits Grinder.
Grinder is lightly wounded.
Grinder drinks a potion.
Grinder flickers and vanishes!
Deactivating autopickup; reactivate with Ctrl-A.
Your white imp suddenly stops moving!
Casting: Magic Dart (safe; 4% risk of failure)
Confirm with . or Enter, or press ? or * to list all spells.
The fire begins to smoulder!
Something hits your white imp.
The fire ignites!
Found a stone staircase leading up.
Casting: Conjure Flame (dangerous; 14% risk of failure)
Confirm with . or Enter, or press ? or * to list all spells.
You miscast Conjure Flame.
You are very lightly contaminated with residual magic.
Nothing appears to happen.
Something tries to affect you, but you resist.
Casting: Conjure Flame (dangerous; 14% risk of failure)
Confirm with . or Enter, or press ? or * to list all spells.
You miscast Conjure Flame.
Nothing appears to happen.
Casting: Conjure Flame (dangerous; 14% risk of failure)
Confirm with . or Enter, or press ? or * to list all spells.
The fire begins to smoulder!
Something smothers the flame.
You miss something.
Something tries to affect you, but you resist.
You closely miss something. Something hits you!
You writhe in agony.
You closely miss something. Something hits you but does no damage.
Something hits you.
* * * LOW HITPOINT WARNING * * *
You writhe in agony.
* * * LOW HITPOINT WARNING * * *
Casting: Conjure Flame (dangerous; 14% risk of failure)
Confirm with . or Enter, or press ? or * to list all spells.
You blink.
* * * LOW HITPOINT WARNING * * *
You suddenly lose the ability to move!
You feel stable enough to blink again. Pain shoots through your body!
You die...

.#######
##.##.#........5........
........
...##.#.##...#..........
.#######
#..##.#.###.###♣..∩..8..
.#
#..#....###.####.######.
.# #..#...........(... .
.# #..#....###.####.## #
.# ######..#..#{# #.#
#.# .# #..........#.#
#.# #.#
.####.####..#^##@# #.#
............#.##.# #..
.####.####.##.##.. ...
.####.####.##.########
..............#
...........####
#####.###### # #.# # #.#


There were no monsters in sight!

Vanquished Creatures
  A jelly (D:3)
  3 adders
  A dart slug (D:2)
  6 bats
  6 endoplasms
  3 giant cockroaches
  4 hobgoblins
  6 kobolds
  2 quokkas
  3 ball pythons
  2 frilled lizards
  7 goblins
  5 rats
49 creatures vanquished.

Vanquished Creatures (collateral kills)
  Crazy Yiuf (D:2)
  2 adders (D:2)
  2 worms
  A goblin (D:2)
6 creatures vanquished.

Vanquished Creatures (others)
  A plant (D:2)
1 creature vanquished.

Grand Total: 56 creatures vanquished

Notes
Turn   | Place    | Note
-------+----------+-------------------------------------------
     0 | D:1      | javelincjr the Djinni Hedge Wizard began the quest for the
                  | Orb.
     0 | D:1      | javelincjr set off with the following spells memorised:
                  | Magic Dart, Blink, Call Imp, Slow, Conjure Flame, Mephitic
                  | Cloud.
     0 | D:1      | Reached XP level 1. HP: 15/15 MP: 0/0
   275 | D:1      | Reached XP level 2. HP: 20/22 MP: 0/0
   333 | D:1      | Reached skill level 1 in Fighting
   923 | D:1      | Reached XP level 3. HP: 26/27 MP: 0/0
   923 | D:1      | Learned a level 1 spell: Necrotise
  1731 | D:2      | Reached XP level 4. HP: 13/33 MP: 0/0
  2631 | D:2      | Found a runed translucent door.
  2632 | D:2      | Noticed Crazy Yiuf
  2655 | D:2      | Killed Crazy Yiuf
  2656 | D:2      | Reached XP level 5. HP: 28/40 MP: 0/0
  2656 | D:2      | Learned a level 2 spell: Static Discharge
  3208 | D:3      | Found a faded altar of an unknown god.
  3208 | D:3      | Noticed Grinder
  3246 | D:3      | Paralysed by something for 4 turns
  3249 | D:3      | Killed from afar by Grinder

Illustrated notes

Levels and vault maps discovered:
D:1:      amcnicky_arrival_wind_blow, layout_loops_ring, nrook_mini_backslash
D:2:      layout_loops_ring, serial_bayou_pond_a, uniq_crazy_yiuf_cottage
D:3:      layout_loops_ring, nicolae_overflow_ecumenical_swirl,
          hellmonk_ecumenical_altar_arch_garden, uniq_grinder

Skill      XL: |  1  2  3  4 |
---------------+-------------+-----
Fighting       | 1 2 3 |  3.4
Dodging        | 3 |  3.5
Spellcasting   | 3 |  3.1
Stealth        | |  1.5

Action                   |  1- 3 |  4- 6 || total
-------------------------+-------+-------++-------
Melee: Dagger            |     4 |       ||     4
       Quarterstaff      |       |    17 ||    17
 Cast: Magic Dart        |    83 |    31 ||   114
       Call Imp          |       |    11 ||    11
       Necrotise         |       |     4 ||     4
       Conjure Flame     |       |     2 ||     2
       Blink             |       |     1 ||     1
  Use: Scroll            |       |     1 ||     1
 Stab: Sleeping          |       |     3 ||     3
Armor: Robe              |     6 |     8 ||    14
Dodge: Dodged            |    13 |    10 ||    23
